 Dungeon Crawl Stone Soup version 0.30-a0-1008-g30c9307041 (webtiles) character file.

Game seed: 17339230281440094942

101 retardedninja the Covered (level 5, 0/41 HPs)
             Began as a Human Fighter on Apr 5, 2023.
             Killed from afar by an orc wizard (2 damage)
             ... with a magic dart
             ... on level 4 of the Dungeon.
             The game lasted 00:02:31 (1502 turns).

retardedninja the Covered (Human Fighter)           Turns: 1502, Time: 00:02:32

Health: 0/41       AC:  6    Str: 18    XL:     5   Next: 4%
Magic:  5/5        EV:  9    Int:  9    God:
Gold:   57         SH:  4    Dex: 12    Spells: 4/4 levels left

rFire   . . .      SeeInvis .    a - +0 war axe
rCold   . . .      Faith    .    c - +0 buckler
rNeg    . . .      Spirit   .    b - +0 scale mail
rPois   .          Reflect  .    (no helmet)
rElec   .          Rampage  .    (no cloak)
rCorr   .                        (no gloves)
Will    .....                    (no boots) Stlth
                                 (no amulet)
HPRegen 0.26/turn                (no ring)
MPRegen 0.09/turn                (no ring)

@: mighty, brilliant, flying
A: no striking features
a: no special abilities


You were on level 4 of the Dungeon.
You visited 1 branch of the dungeon, and saw 3 of its levels.

You collected 57 gold pieces.

Inventory:

Hand Weapons
 a - a +0 war axe (weapon)
Armour
 b - a +0 scale mail (worn)
 c - a +0 buckler (worn)
Jewellery
 g - an amulet of the acrobat
Scrolls
 e - 3 scrolls of identify {unknown}


   Skills:
 + Level 3.5 Fighting
 * Level 3.4 Axes
 + Level 3.6 Armour
 + Level 3.5 Shields


You had 4 spell levels left.
You didn't know any spells.
Your spell library was empty.

Dungeon Overview and Level Annotations

Branches:
Dungeon (2/15)

Altars:
Qazlal


Message History

You barely miss the orc.
The orc is moderately wounded.
You miss something.
The orc hits you from afar with a +0 trident.
* * * LOW HITPOINT WARNING * * *
The orc barely misses you. Something completely misses you.
Unknown command.
You barely miss the orc.
The orc is moderately wounded.
You miss something. The orc hits you but does no damage.
The orc barely misses you.
You hear some strange, mumbled words.
A puff of flame appears from out of thin air!
The puff of flame hits you.
* * * LOW HITPOINT WARNING * * *
You feel much better. The orc hits you with a +0 short sword.
Something hits you but does no damage. The orc hits you with a +0 flail.
The orc hits you from afar with a +0 trident!
* * * LOW HITPOINT WARNING * * *
It was a potion of flight.
You feel very buoyant.
You fly up into the air.
The orc hits you with a +0 short sword.
* * * LOW HITPOINT WARNING * * *
The orc closely misses you. x2; Something hits you but does no damage.
It was a potion of brilliance.
You feel clever all of a sudden. The orc closely misses you.
Something hits you but does no damage. The orc hits you with a +0 flail.
* * * LOW HITPOINT WARNING * * *
The orc hits you from afar with a +0 trident.
* * * LOW HITPOINT WARNING * * *
You miss something. You hit the orc.
You kill the orc!
You slash the orc!
You kill the orc!
The orc hits you but does no damage. Something hits you but does no damage.
You hear some strange, mumbled words.
A magic dart appears from out of thin air!
The magic dart hits you.
You die...

....## ###########
.##...##.........#
.......)$........#
.................#
.................#
.................#
.##.#..#o........#
#...###){#######
#..# ##@)...# #...
#####..# #..# # ..


You could see an orc.

Vanquished Creatures
  An orc priest (D:4)
  An adder (D:4)
  3 dart slugs
  4 orcs (D:4)
  5 ball pythons
  4 bats (D:1)
  7 endoplasms
  4 goblins
  7 hobgoblins
  2 jackals (D:1)
  2 quokkas (D:1)
  3 frilled lizards (D:1)
  4 kobolds
  4 rats
51 creatures vanquished.

Notes
Turn   | Place    | Note
-------+----------+-------------------------------------------
     0 | D:1      | retardedninja the Human Fighter began the quest for the
                  | Orb.
     0 | D:1      | Reached XP level 1. HP: 18/18 MP: 1/1
    91 | D:1      | Reached XP level 2. HP: 24/24 MP: 2/2
   310 | D:1      | Reached XP level 3. HP: 29/29 MP: 3/3
  1096 | D:2      | Found a stormy altar of Qazlal.
  1183 | D:2      | Reached XP level 4. HP: 33/35 MP: 4/4
  1471 | D:2      | You fall into a shaft and drop 2 floors!
  1497 | D:4      | Reached XP level 5. HP: 15/41 MP: 5/5
  1501 | D:4      | HP: 1/41 [orc/+0 trident (5)]
  1502 | D:4      | Killed from afar by an orc wizard

Illustrated notes

Levels and vault maps discovered:
D:1:      minmay_arrival_open_corners, layout_basic
D:2:      layout_basic, basic_altar, minivault_24, nrook_uturn,
          kennysheep_generic_room_4
D:4:      layout_rooms, lemuel_doored_altar, grunt_temple_overflow_open,
          minmay_temple_entry_from_below_a

Skill      XL: |  1  2  3 |
---------------+----------+-----
Axes           | 3 |  3.4
Fighting       | |  3.5
Armour         | |  3.6
Shields        | |  3.5

Action                     |  1- 3 |  4- 6 || total
---------------------------+-------+-------++-------
  Melee: War axe           |    96 |    37 ||   133
    Use: Potion            |       |     5 ||     5
 Armour: Scale mail        |    56 |    28 ||    84
  Dodge: Dodged            |    34 |    33 ||    67
  Block: Buckler           |    19 |    15 ||    34

Table legend: (Time is in decaauts)
 A = Elapsed time spent in this place.
 B = Non-inter-level travel time spent in this place.
 C = Inter-level travel time spent in this place.
 D = Time resting spent in this place.
 E = Time spent auto-exploring this place.
 F = Levels seen in this place.
 G = Mean time per level.
                   A        B        C        D        E       F      G
               +--------+--------+--------+--------+--------+-----+--------+
         Total |   1553 |   1536 |     17 |      0 |   1212 |   3 |  517.7 |
       Dungeon |   1553 |   1536 |     17 |      0 |   1212 |   3 |  517.7 |
               +--------+--------+--------+--------+--------+-----+--------+

Top non-repeatable levels by time:
     D:1: 1131 daAuts
     D:2: 385 daAuts
     D:4: 36 daAuts
